 Dungeon Crawl Stone Soup version 0.26.1-2-gb8aa6d0cf2 (webtiles) character file.

Game seed: 10650061462661887674

996 Descartes the Magician (level 7, -5/36 HPs)
             Began as a Deep Elf Wanderer on Feb 18, 2021.
             Was an Initiate of Vehumet.
             Slain by an orc warrior
             ... wielding a +0 glaive
              (9 damage)
             ... on level 5 of the Dungeon.
             The game lasted 00:19:12 (7944 turns).

Descartes the Magician (Deep Elf Wanderer)          Turns: 7944, Time: 00:19:13

Health: -5/36      AC:  7    Str: 10    XL:     7   Next: 99%
Magic:  0/16       EV:  9    Int: 18    God:    Vehumet [......]
Gold:   358        SH:  0    Dex: 14    Spells: 8/16 levels left

rFire    . . .     SeeInvis .   G - +1 quarterstaff (vorpal)
rCold    . . .     Faith    .   (shield currently unavailable)
rNeg     . . .     Spirit   +   F - +1 scale mail {rPois}
rPois    +         Reflect  .   (no helmet)
rElec    .         Harm     .   (no cloak)
rCorr    .         Rampage  .   (no gloves)
Will     .....                  (no boots)
Stlth    +.........             s - amulet of guardian spirit
HPRegen  0.12/turn              (no ring)
MPRegen  0.15/turn              (no ring)

@: lethally poisoned (-5 -> -6)
A: no striking features
a: Renounce Religion


You were on level 5 of the Dungeon.
You worshipped Vehumet.
Vehumet was noncommittal.
You visited 2 branches of the dungeon, and saw 6 of its levels.

You collected 358 gold pieces.

Inventory:

Hand Weapons
 g - a +2 dagger of speed
 h - a +0 hunting sling
 v - a +3 trident
 z - a +1 hand axe of freezing
 G - a +1 vorpal quarterstaff (weapon)
Missiles
 e - 92 stones
 k - 3 boomerangs of dispersal (quivered)
 u - 3 curare-tipped darts
 y - 19 boomerangs
 D - 38 arrows
Armour
 d - a +2 scale mail
 F - a +1 scale mail of poison resistance (worn)
 H - a +1 leather armour of poison resistance
Jewellery
 s - an amulet of guardian spirit (around neck)
 t - an uncursed ring of flight
Scrolls
 b - 2 scrolls of immolation {unknown}
 f - a scroll of magic mapping {unknown}
 j - 2 scrolls of remove curse {unknown}
 m - 2 scrolls of fog {unknown}
 p - a scroll of fear {unknown}
 q - 2 scrolls of blinking {unknown}
 r - 4 scrolls of teleportation {unknown}
 C - a scroll of enchant weapon {unknown}
 E - a scroll of identify {unknown}
Potions
 a - a potion of haste
 c - a potion of resistance
 i - a potion of curing {unknown}
 l - a potion of attraction {unknown}
 n - a potion of lignification {unknown}
 o - a potion of flight {unknown}
 w - 2 potions of might {unknown}
 x - a potion of berserk rage {unknown}
 A - a potion of heal wounds {unknown}
 B - a potion of brilliance {unknown}


   Skills:
 + Level 0.9 Staves
 - Level 1.3 Bows
 - Level 2.0 Armour
 - Level 2.0 Dodging
 + Level 4.9 Stealth
 - Level 5.0 Spellcasting
 + Level 2.9 Conjurations
 - Level 5.0 Fire Magic
 - Level 5.0 Air Magic
 + Level 1.9 Poison Magic
 - Level 2.0 Evocations


You had 8 spell levels left.
You knew the following spells:

 Your Spells              Type           Power        Failure   Level
a - Foxfire               Conj/Fire      72%          17%         1
b - Corpse Rot            Necr/Air       N/A          43%         2
c - Poisonous Vapours     Pois/Air       34%          32%         2
d - Conjure Flame         Conj/Fire      18%          45%         3

Your spell library contained the following spells:

 Spells                   Type           Power        Failure   Level


Dungeon Overview and Level Annotations

Branches:
Dungeon (5/15)             Temple (1/1) D:4

Altars:
Cheibriados
Dithmenos
Elyvilon
Fedhas
Gozag
Kikubaaqudgha
Nemelex Xobeh
Qazlal
Trog
Uskayaw
Vehumet
Wu Jian
Yredelemnul
Zin
The Shining One


Message History

Casting: Foxfire (safe; 17% risk of failure)
Confirm with . or Enter, or press ? or * to list all spells.
You conjure some foxfire!
The adder closely misses you.
The orc warrior hits you from afar with a +0 glaive!
* * * LOW HITPOINT WARNING * * *
The adder barely misses you.
You barely miss the adder.
The adder is moderately wounded.
You feel sick. The orc warrior closely misses you. The adder bites you.
* * * LOW HITPOINT WARNING * * *
The orc wizard shouts!
You hit the adder.
The adder is heavily wounded.
The adder bites you.
* * * LOW HITPOINT WARNING * * *
The orc wizard casts a spell at itself.
The orc wizard flickers and vanishes!
Deactivating autopickup; reactivate with Ctrl-A.
The orc warrior hits you from afar with a +0 glaive!
You die...

.#.#.###.# ..... ..# ..
.........# .### ..... ... ..o
.......#.####.... ....# #.# ...
.###.###.... .... ..#.# #.# .)..
.# #.# #..##+.#.# #.#.###.###o...
.###.###......#.# #.#......o.B...
.##...........#.# #.#..#...?....#
.###.###......#v###.#..##.####..#
.###.# #.......v@SoB...{.........
#.##.###.##..##§###.#...#.###....
#.##.....##..#......#...#.......#
#.##.######..#..§...#...#.####..#
#..........)...§........#.####
#.#########..##+###.##.......+
#.# #######).##.###.###.#.#.##...
#.###.....[.....................#
................................#


You could see an orc warrior, an adder and a giant cockroach.

Vanquished Creatures
  A phantom (D:4)
  2 ogres
  2 bullfrogs
  3 wights
  4 orc priests
  A bullfrog skeleton (D:4)
  An orc wizard (D:5)
  An iguana (D:4)
  3 worker ants
  Terence (D:2)
  5 adders
  A white imp (D:5)
  3 oozes
  An adder skeleton (D:5)
  4 worms
  2 dart slugs (D:2)
  4 leopard geckos
  12 orcs
  3 ball pythons
  6 giant cockroaches
  8 goblins
  13 hobgoblins
  3 jackals (D:3)
  7 kobolds
  A quokka (D:2)
  7 bats
  3 frilled lizards
  5 rats
107 creatures vanquished.

Vanquished Creatures (others)
  126 foxfires
126 creatures vanquished.

Grand Total: 233 creatures vanquished

Notes
Turn   | Place    | Note
-------+----------+-------------------------------------------
     0 | D:1      | Descartes the Deep Elf Wanderer began the quest for the
                  | Orb.
     0 | D:1      | Descartes set off with the following items: a +0 dagger, a
                  | +2 scale mail; and the following spell memorised: Foxfire;
                  | and the following spells available to memorise: Corpse Rot,
                  | Poisonous Vapours, Conjure Flame
     0 | D:1      | Reached XP level 1. HP: 10/10 MP: 7/7
   678 | D:1      | Reached XP level 2. HP: 9/15 MP: 9/9
  1392 | D:2      | Noticed a bullfrog
  1414 | D:1      | Reached skill level 1 in Fire Magic
  1724 | D:2      | Reached XP level 3. HP: 16/19 MP: 11/11
  1737 | D:2      | Reached skill level 1 in Dodging
  2129 | D:2      | Killed a bullfrog
  2130 | D:2      | Reached skill level 5 in Spellcasting
  2130 | D:2      | Reached XP level 4. HP: 11/24 MP: 4/13
  2531 | D:2      | Found a basalt altar of Yredelemnul.
  2656 | D:2      | Reached XP level 5. HP: 25/28 MP: 11/14
  2924 | D:2      | Found a stormy altar of Qazlal.
  4053 | D:2      | Reached XP level 6. HP: 31/32 MP: 15/15
  4523 | D:3      | Noticed Terence
  4780 | D:2      | Learned a level 2 spell: Corpse Rot
  4783 | D:2      | Learned a level 2 spell: Poisonous Vapours
  4817 | D:2      | Killed Terence
  5821 | D:3      | Reached XP level 7. HP: 16/36 MP: 4/16
  6418 | D:4      | Found a staircase to the Ecumenical Temple.
  6434 | D:4      | Reached skill level 1 in Conjurations
  6434 | D:4      | Reached skill level 5 in Fire Magic
  6434 | D:4      | Reached skill level 5 in Air Magic
  6497 | Temple   | Entered the Ecumenical Temple
  6504 | Temple   | Became a worshipper of Vehumet
  6517 | D:4      | Learned a level 3 spell: Conjure Flame
  6942 | D:4      | Found an opulent altar of Gozag.
  7227 | D:5      | Entered Level 5 of the Dungeon
  7249 | D:5      | Reached skill level 1 in Poison Magic
  7944 | D:5      | Slain by an orc warrior

Illustrated notes

Levels and vault maps discovered:
D:1:      minmay_arrival_semitransparent, layout_basic, minmay_misc_feat_cross
D:2:      cheibrodos_pilgrimage, layout_loops_corners, lemuel_crystal_altar,
          marbit_many_paths
D:3:      layout_loops_cross, uniq_terence
D:4:      layout_gridville, kennysheep_mini, temple_pool_b
D:5:      layout_basic, nicolae_overflow_crystal_walls
Temple:   nicolae_temple_no_exploring_needed

Skill      XL: |  1  2  3  4  5  6  7 |
---------------+----------------------+-----
Fire Magic     | 1 3 4 5 |  5.0
Dodging        | 1 2 |  2.0
Stealth        | 2 3 4 |  4.9
Armour         | 2 |  2.0
Spellcasting   | 5 |  5.0
Evocations     | 2 |  2.0
Air Magic      | 3 4 5 |  5.0
Conjurations   | 2 |  2.9
Poison Magic   | 1 |  1.9
Staves         | |  0.9
Bows           | |  1.3

Action                   |  1- 3 |  4- 6 |  7- 9 || total
-------------------------+-------+-------+-------++-------
Melee: Dagger            |   190 |   475 |    51 ||   716
       Quarterstaff      |       |       |     5 ||     5
 Cast: Foxfire           |       |     2 |    73 ||    75
  Use: Potion            |       |     1 |       ||     1
Armor: Scale mail        |    82 |   140 |    19 ||   241
Dodge: Dodged            |    64 |   149 |    26 ||   239
